 Dungeon Crawl Stone Soup version 0.20-a0-187-ge5586d949a (webtiles) character file.

72 Gorice the Cudgeler (level 4, 25/39 HPs)
             Began as a Minotaur Monk on Nov 4, 2016.
             Quit the game on level 3 of the Dungeon on Nov 23, 2016.
             The game lasted 00:08:38 (1659 turns).

Gorice the Cudgeler (Minotaur Monk)                 Turns: 1659, Time: 00:08:39

Health: 25/39      AC: 10    Str: 16    XL:     4   Next: 7%
Magic:  3/3        EV:  5    Int:  7    God:
Gold:   166        SH:  0    Dex: 13    Spells: 3/3 levels left

rFire  . . .     SeeInvis .     a - +0 mace
rCold  . . .     Gourm    .     l - +0 plate armour
rNeg   . . .     Faith    .     (no shield)
rPois  .         Spirit   .     (helmet restricted)
rElec  .         Reflect  .     (no cloak)
rCorr  .         Harm     .     (no gloves)
MR     .....                    (no boots)
Stlth  ..........               (no amulet)
                                (no ring)
                                (no ring)

@: no status effects
A: retaliatory headbutt, horns 2
a: no special abilities


You were on level 3 of the Dungeon.
You were not hungry.

You visited 1 branch of the dungeon, and saw 3 of its levels.

You collected 166 gold pieces.

Inventory:

Hand Weapons
 a - a +0 mace (weapon)
 m - a +0 hunting sling
Missiles
 e - 20 sling bullets
 Z - 100 stones (quivered)
Armour
 b - a +0 robe
 h - a +1 chain mail
 l - a +0 plate armour (worn)
Scrolls
 p - a scroll of teleportation {!r}
Potions
 d - 2 potions of invisibility {!q}
 f - a potion of mutation {unknown}
 g - 2 potions of curing {unknown}
 j - a potion of might {unknown}
 k - a potion of agility {!q}
 n - a potion of berserk rage {unknown}
Comestibles
 c - 5 bread rations {!e}
 i - 6 chunks of flesh
 o - 2 meat rations {!e}
 q - a slice of pizza
 r - a beef jerky
 s - 2 fruits


   Skills:
 - Level 3.6 Fighting
 * Level 5.9 Maces & Flails
 + Level 0.5 Armour
 - Level 3.2 Dodging
 - Level 1.5 Stealth


You had 3 spell levels left.
You didn't know any spells.

Dungeon Overview and Level Annotations

Branches:
Dungeon (3/15)

Altars:

Annotations:
D:3 Archivist's ghost, amateur MiGl


Innate Abilities, Weirdness & Mutations

You reflexively headbutt those who attack you in melee.
You have a pair of horns on your head.


Message History

Press ? for a list of commands and other information.
Autopickup is now off.
Saving game... please wait.
Level annotation: Archivist's ghost, amateur MiGl Welcome back, Gorice the Minotaur Monk.
Press ? for a list of commands and other information.
Saving game... please wait.
Level annotation: Archivist's ghost, amateur MiGl Welcome back, Gorice the Minotaur Monk.
Press ? for a list of commands and other information.
Saving game... please wait.
Level annotation: Archivist's ghost, amateur MiGl Welcome back, Gorice the Minotaur Monk.
Press ? for a list of commands and other information.
The goblin shouts!
Archivist's ghost says, "I'll split you in two!"
Unknown command.
Archivist's ghost hits you.
Found 12 gold pieces.
Found a stone staircase leading down.
Damage: 3 (max 3)
You hit Archivist's ghost but do no damage.
Archivist's ghost hits you.
A ball python comes into view.
Damage: 5 (max 5)
Your plate armour prevents you from hitting Archivist's ghost.
The ball python hisses angrily.
You headbutt Archivist's ghost, but do no damage.
Archivist's ghost hits you.
Damage: 3 (max 5)
You hit Archivist's ghost but do no damage.
You headbutt Archivist's ghost.
Archivist's ghost is lightly damaged.
Archivist's ghost completely misses you.
The goblin barely misses you.
You hit Archivist's ghost but do no damage.
Archivist's ghost is lightly damaged.
Archivist's ghost hits you but does no damage.
The goblin hits you.
Damage: 3 (max 5)
Your plate armour prevents you from hitting Archivist's ghost.
Archivist's ghost is lightly damaged.
Archivist's ghost hits you but does no damage.
The goblin hits you.
Damage: 2 (max 5) Archivist's ghost barely misses you.
Archivist's ghost says, "I'll split you in two!"
Archivist's ghost wails.
There is a shaft here.
There is a stone staircase leading up here.
Are you sure you want to abandon this character and quit the game? (Confirm with "yes".)

..$.......#.##..# ##
....)#....#.#... ...#
.....#.........######....
..............)........#.
....##......#÷...........
....##.....##.)..........
..(.##..#..g...†........#
....##..#..##S..........#
...###...S.##..W@.......#
.#..##.#.####.........$..
.##..#.#.## #########....
#...g....# .##.
#...S....# # #........#
##........##
.............
##........###


You could see Archivist's ghost, a goblin and a ball python.

Vanquished Creatures
  2 adders (D:2)
  An ooze (D:1)
  2 dart slugs (D:1)
  2 leopard geckos (D:1)
  3 ball pythons
  A giant cockroach (D:1)
  4 hobgoblins
  4 jackals (D:2)
  4 bats
  3 frilled lizards
  6 goblins
  8 kobolds
  3 rats
43 creatures vanquished.

Notes
Turn   | Place    | Note
-------+----------+-------------------------------------------
     0 | D:1      | Gorice the Minotaur Monk began the quest for the Orb.
     0 | D:1      | Reached XP level 1. HP: 19/19 MP: 0/0
   248 | D:1      | Reached skill level 4 in Maces & Flails
   267 | D:1      | Reached XP level 2. HP: 23/26 MP: 1/1
   619 | D:1      | Reached skill level 5 in Maces & Flails
   651 | D:1      | Reached XP level 3. HP: 31/31 MP: 2/2
  1570 | D:3      | Reached XP level 4. HP: 39/39 MP: 3/3
  1633 | D:3      | Noticed Archivist's ghost (amateur MiGl)
  1636 | D:3      | Upgraded the game from 0.20-a0-16-g0876c8e to 0.20-a0-17-g69bea3c
  1636 | D:3      | Upgraded the game from 0.20-a0-17-g69bea3c to 0.20-a0-19-gd4fea00
  1636 | D:3      | Upgraded the game from 0.20-a0-19-gd4fea00 to 0.20-a0-32-gb8e7c72
  1636 | D:3      | Upgraded the game from 0.20-a0-32-gb8e7c72 to 0.20-a0-33-g996f6e0
  1636 | D:3      | Upgraded the game from 0.20-a0-33-g996f6e0 to 0.20-a0-38-g7d30548
  1636 | D:3      | Upgraded the game from 0.20-a0-38-g7d30548 to 0.20-a0-46-g4a4b873
  1636 | D:3      | Upgraded the game from 0.20-a0-46-g4a4b873 to 0.20-a0-187-ge5586d949a
  1659 | D:3      | Quit the game

Vault maps used:
D:1:      dpeg_arrival_circle_labyrinth_b
D:3:      uniq_natasha

Skill      XL: |  1  2 |
---------------+-------+-----
Maces & Flails | 4 5 |  5.9
Fighting       | |  3.6
Armour         | |  0.5
Dodging        | |  3.2
Stealth        | |  1.5

Action                   |  1- 3 |  4- 6 || total
-------------------------+-------+-------++-------
Melee: Mace              |    84 |    13 ||    97
       Headbutt          |     9 |     3 ||    12
Throw: Stone             |     6 |       ||     6
  Use: Scroll            |     6 |       ||     6
 Stab: Sleeping          |     1 |       ||     1
  Eat: Chunk             |     2 |       ||     2
Armor: Robe              |     3 |       ||     3
       Chain mail        |    41 |       ||    41
       Plate armour      |     8 |     6 ||    14
Dodge: Dodged            |    26 |     4 ||    30

Table legend:
 A = Turns spent in this place as a percentage of turns spent in the entire game.
 B = Non-inter-level travel turns spent in this place as a percentage of non-inter-level travel turns spent in the entire game.
 C = Inter-level travel turns spent in this place as a percentage of turns spent in this place.
 D = Turns resting spent in this place as a percentage of non-inter-level travel turns spent in this place.
 E = Turns spent auto-exploring this place as a percentage of non-inter-level travel turns spent in this place.
 F = Non-inter-level travel turns spent in this place divided by the number of levels of this place that you've seen.
                   A       B       C       D       E      F
               +-------+-------+-------+-------+-------+----------------------
         Total | 100.0 | 100.0 |   0.5 |   1.1 |   8.1 | 181.3
       Dungeon | 100.0 | 100.0 |   0.5 |   1.1 |   8.1 | 181.3
               +-------+-------+-------+-------+-------+----------------------

Vault maps used:
D:1:      dpeg_arrival_circle_labyrinth_b
D:3:      uniq_natasha
